 Dungeon Crawl Stone Soup version 0.29-a0-559-g359e09b9d1 (webtiles) character file.

Game seed: 5367481554281261015

3229 raistware the Geomancer (level 10, -2/62 (65) HPs)
             Began as a Human Earth Elementalist on June 8, 2022.
             Was a Follower of Vehumet.
             Slain by a wight
             ... wielding a +3 scimitar of freezing
              (3 damage)
             ... on level 8 of the Dungeon on June 9, 2022.
             The game lasted 00:27:20 (10635 turns).

raistware the Geomancer (Human Earth Elementalist) Turns: 10635, Time: 00:27:20

HP:   -2/62 (65)    AC:  3    Str:  9    XL:     10   Next: 18%
MP:   2/21          EV: 12    Int: 19    God:    Vehumet [*.....]
Gold: 302           SH:  0    Dex: 14    Spells: 10/23 levels left

rFire   . . .      SeeInvis +   C - +7 falchion
rCold   . . .      Faith    .   (no shield)
rNeg    . . .      Spirit   .   b - +0 robe
rPois   .          Reflect  .   (no helmet)
rElec   .          Harm     .   s - +0 cloak
rCorr   .          Rampage  .   (no gloves)
Will    +....                   (no boots)
Stlth   ++........              (no amulet)
HPRegen 0.20/turn               x - ring of see invisible
MPRegen 0.17/turn               d - ring of willpower

@: lightly drained
A: no striking features
a: Renounce Religion


You were on level 8 of the Dungeon.
You worshipped Vehumet.
Vehumet was aware of your devotion.
You visited 2 branches of the dungeon, and saw 9 of its levels.

You collected 345 gold pieces.
You spent 43 gold pieces at shops.

Inventory:

Hand Weapons
 u - a +4 quarterstaff of chaos
 C - a +7 falchion (weapon)
Missiles
 h - a throwing net
 o - 126 stones
 y - 3 curare-tipped darts
 z - 24 poisoned darts
Armour
 b - a +0 robe (worn)
 s - a +0 cloak (worn)
Jewellery
 d - a ring of willpower (right hand)
 x - a ring of see invisible (left hand)
 D - a +4 ring of evasion
 F - a ring of ice
Wands
 p - a wand of acid (12)
Scrolls
 e - a scroll of poison {unknown}
 f - a scroll of immolation {unknown}
 g - 6 scrolls of teleportation
 j - 2 scrolls of amnesia {unknown}
 k - 2 scrolls of noise {unknown}
 t - 3 scrolls of fog {unknown}
 w - 2 scrolls of magic mapping {unknown}
 A - a scroll of torment {unknown}
 B - a scroll of blinking
Potions
 a - a potion of resistance
 c - a potion of brilliance
 i - a potion of heal wounds
 l - 2 potions of invisibility
 m - 2 potions of might
 n - a potion of berserk rage
 q - 2 potions of flight
 r - 3 potions of magic
 v - a potion of curing
 E - 2 potions of mutation


   Skills:
 - Level 1.0 Fighting
 - Level 1.0 Staves
 - Level 2.0 Dodging
 - Level 3.0 Stealth
 * Level 7.4 Spellcasting
 * Level 7.1 Conjurations
 - Level 2.0 Transmutations
 * Level 8.4 Earth Magic
 - Level 1.0 Evocations


You had 10 spell levels left.
You knew the following spells:

 Your Spells              Type           Power      Damage    Failure   Level
a - Sandblast             Erth           78%        2d17      1%          1
b - Passwall              Tmut/Erth      21%        N/A       1%          2
c - Stone Arrow           Conj/Erth      72%        3d11      1%          3
d - Petrify               Tmut/Erth      26%        N/A       12%         4
e - Conjure Flame         Conj/Fire      20%        6-21      7%          3

Your spell library contained the following spells:

 Spells                   Type           Power      Damage    Failure   Level
 Shock                    Conj/Air       80%        1d8       2%          1
 Ignite Poison            Fire/Tmut/Pois 9%         N/A       22%         3
 Sticky Flame             Conj/Fire      20%        2d4       22%         4


Dungeon Overview and Level Annotations

Branches:
Dungeon (8/15)             Temple (1/1) D:6
   Lair: D:8-11

Altars:
Ashenzari
Cheibriados
Dithmenos
Gozag
Hepliaklqana
Okawaru
Qazlal
Trog
Uskayaw
Vehumet
Wu Jian
Xom
Yredelemnul
The Shining One

Shops:
D:5 [   D:6 *[((

Annotations:
D:5 2 transporters
D:7 1 runed translucent door


Message History

Aiming: Stone Arrow (safe; 1% risk of failure)
Press: ? - help, Shift-Dir - straight line, f - wight
Aim: a wight, wielding a +0 falchion and wearing a +0 robe (74% to hit)
The stone arrow hits the wight!
The wight is severely damaged.
You hit the wight but do no damage.
The wight is severely damaged.
The wight closely misses you.
You slash the wight!
You destroy the wight!
Vehumet accepts your kill.
You feel your power returning.
Items here: ( )))) [[[ †.
Okay, then.
Things that are here:
a +0 short sword; a kobold skeleton
G - a +0 short sword You drop a +0 short sword.
Things that are here:
a +0 short sword; a +0 short sword; a kobold corpse
Things that are here:
a +1 dagger of venom; 3 boomerangs; an orc corpse
Casting: Stone Arrow (safe; 1% risk of failure)
Confirm with . or Enter, or press ? or * to list all spells.
Aiming: Stone Arrow (safe; 1% risk of failure)
Press: ? - help, Shift-Dir - straight line, f - wight
Aim: a wight, wielding a +3 scimitar of freezing and wearing a +0 robe (74% to hit)
The stone arrow misses the wight.
Items here: ) ? [ †.
g - 6 scrolls of teleportation (gained 1)
You closely miss the wight. The wight closely misses you.
You hit the wight but do no damage. You punch the wight.
The wight is lightly damaged.
The wight hits you with a +3 scimitar of freezing!
The wight freezes you.
* * * LOW HITPOINT WARNING * * *
The wight hits you with a +3 scimitar of freezing!!
* * * LOW HITPOINT WARNING * * *
You feel drained.
You die...

#.#.# ###.≈≈ #.#.##
#...≈≈ .. #....# ##...≈≈
.. #..#.# .....≈≈ ≈.#
###..#.### .....≈≈ ≈.#
#....#....
.<...≈≈####≈.###<#######.
#...≈≈≈≈≈≈≈........#.>..
#.....z@....######.#....
##.####...### #.#.###
#..#########...#
#)##.....))....#
#)##.#########.# #)##.#
#.# #)##)## #.#
###.###.##..## #.#
.......)..)..# #.#


You could see a wight.

Vanquished Creatures
  A wyvern (D:7)
  A steam dragon (D:6)
  A black bear (D:6)
  An ice beast (D:6)
  A sky beast (D:7)
  2 ogres
  2 centaurs
  4 phantoms
  Blork the orc (D:5)
  2 bullfrogs
  2 kobold brigands
  A gnoll sergeant (D:6)
  2 scorpions
  2 necrophages
  12 wights
  2 howler monkeys (D:5)
  2 hounds
  Crazy Yiuf (D:5)
  An orc priest (D:8)
  A gnoll shaman (D:8)
  A jelly (D:6)
  Terence (D:3)
  3 iguanas
  2 orc wizards
  Natasha (thrice) (D:2)
  10 gnolls
  6 adders
  2 shadow imps
  2 ufetubi
  3 worms
  3 dart slugs (D:1)
  16 orcs
  7 endoplasms
  3 giant cockroaches
  10 goblins
  7 hobgoblins
  14 jackals
  18 kobolds
  7 quokkas
  8 ball pythons
  3 bats
  6 frilled lizards
  4 rats
181 creatures vanquished.

Notes
Turn   | Place    | Note
-------+----------+-------------------------------------------
     0 | D:1      | raistware the Human Earth Elementalist began the quest for
                  | the Orb.
     0 | D:1      | Reached XP level 1. HP: 13/13 MP: 3/3
   459 | D:1      | Reached XP level 2. HP: 12/19 MP: 0/5
   462 | D:1      | Learned a level 2 spell: Passwall
   847 | D:1      | Found a faded altar of an unknown god.
   980 | D:1      | Reached XP level 3. HP: 23/24 MP: 0/6
   984 | D:1      | Learned a level 3 spell: Stone Arrow
  1922 | D:1      | Reached XP level 4. HP: 30/30 MP: 5/7
  2542 | D:2      | Noticed Natasha
  2553 | D:2      | Killed Natasha
  2554 | D:2      | Reached skill level 1 in Conjurations
  2554 | D:2      | Reached XP level 5. HP: 20/35 MP: 4/9
  2764 | D:2      | Noticed Natasha
  2766 | D:2      | Killed Natasha
  2767 | D:2      | Reached skill level 4 in Earth Magic
  2828 | D:2      | Noticed Natasha
  2829 | D:2      | Killed Natasha
  3268 | D:2      | Learned a level 4 spell: Petrify
  3290 | D:3      | Noticed Terence
  3296 | D:3      | Killed Terence
  3297 | D:3      | Reached XP level 6. HP: 32/41 MP: 1/11
  4638 | D:4      | Reached XP level 7. HP: 22/46 MP: 0/12
  5683 | D:5      | Entered Level 5 of the Dungeon
  5684 | D:5      | Found a transporter.
  5705 | D:5      | Reached skill level 5 in Earth Magic
  5956 | D:5      | Found a runed translucent door.
  5957 | D:5      | Noticed Crazy Yiuf
  5963 | D:5      | Killed Crazy Yiuf
  5963 | D:5      | HP: 2/46 [poisoned by Crazy Yiuf]
  6198 | D:5      | Found Wylaicekh's Antique Armour Emporium.
  6550 | D:5      | Reached XP level 8. HP: 52/52 MP: 4/15
  6711 | D:5      | Noticed Blork the orc
  6716 | D:5      | Killed Blork the orc
  6788 | D:5      | Reached skill level 5 in Spellcasting
  6788 | D:5      | Reached skill level 6 in Earth Magic
  6894 | D:5      | Found a transporter.
  6957 | D:5      | Found a shadowy altar of Dithmenos.
  7081 | D:5      | Found a hazy altar of Hepliaklqana.
  7148 | D:6      | Found Meosajeo's Weapon Boutique.
  7528 | D:6      | Found a staircase to the Ecumenical Temple.
  7554 | D:6      | Reached skill level 1 in Fighting
  7554 | D:6      | Reached skill level 1 in Evocations
  7566 | D:6      | Reached skill level 1 in Staves
  7568 | Temple   | Entered the Ecumenical Temple
  7576 | Temple   | Became a worshipper of Vehumet
  7684 | D:6      | Found Juckeowk's General Store.
  7799 | D:6      | Bought a scroll of identify for 28 gold pieces
  7860 | D:6      | Found Cybestru's Armour Boutique.
  7898 | D:6      | Reached skill level 5 in Conjurations
  7898 | D:6      | Reached XP level 9. HP: 41/59 MP: 1/17
  8081 | D:6      | Found Ludileant's Weapon Emporium.
  8091 | D:6      | Bought 2 curare-tipped darts for 15 gold pieces
  8379 | D:6      | Reached skill level 7 in Earth Magic
  8602 | D:6      | Learned a level 3 spell: Conjure Flame
  9439 | D:7      | Found an iron altar of Okawaru.
  9440 | D:7      | Found a bloodstained altar of Trog.
  9532 | D:7      | Found a basalt altar of Yredelemnul.
  9748 | D:7      | Found a runed translucent door.
  9749 | D:7      | Noticed a sixfirhy
  9880 | D:7      | Reached skill level 8 in Earth Magic
  9880 | D:7      | Reached XP level 10. HP: 65/65 MP: 10/20
 10144 | D:8      | Reached * piety under Vehumet
 10144 | D:8      | Offered knowledge of Shock by Vehumet.
 10476 | D:8      | Upgraded the game from 0.29-a0-557-g43b9904bd1 to
                  | 0.29-a0-559-g359e09b9d1
 10635 | D:8      | HP: 1/65 [wight/+3 scimitar of freezing (18)]
 10635 | D:8      | Slain by a wight

Illustrated notes

Levels and vault maps discovered:
D:1:      minmay_arrival_radiant_lines, layout_loops_corners,
          dilly_ecumenical_altar_fadedgnrine
D:2:      layout_rooms, hangedman_decor_opposing, minmay_crystal_room,
          uniq_natasha
D:3:      layout_basic, uniq_terence
D:4:      layout_basic, dk_rats_in_the_wall
D:5:      gammafunk_steamed_eel, layout_cave_pools,
          worldfamousw_hep_ancestral_shrine, mainiacjoe_overflow_cross_hatched,
          serial_shops, shop, portal_sewer_entry_d, minmay_statues_item,
          uniq_crazy_yiuf_cottage, uniq_blork_the_orc
D:6:      layout_basic, minmay_temple_entry_large_hall, serial_shops,
          nicolae_lakefront_shop, nicolae_shop_behind_doors, shop, shop,
          glass_columns_a
D:7:      cheibrodos_shockbox, layout_loops_cross,
          grunt_temple_overflow_bloody_war, lemuel_tele_altar
D:8:      layout_loops_ring, enter_bailey_4
Temple:   lightli_temple_of_artemis

Skill      XL: |  1  2  3  4  5  6  7  8  9 10 |
---------------+-------------------------------+-----
Conjurations   | 1 2 3 5 6 7 |  7.1
Spellcasting   | 3 4 5 7 |  7.4
Earth Magic    | 4 5 6 8 |  8.4
Transmutations | 2 |  2.0
Stealth        | 3 |  3.0
Fighting       | 1 |  1.0
Evocations     | 1 |  1.0
Staves         | 1 |  1.0
Dodging        | |  2.0

Action                   |  1- 3 |  4- 6 |  7- 9 | 10-12 || total
-------------------------+-------+-------+-------+-------++-------
Melee: Short sword       |    30 |    81 |    49 |       ||   160
       Unarmed           |     2 |       |       |       ||     2
       Punch             |     2 |     1 |     1 |     1 ||     5
       Falchion          |       |       |     6 |    19 ||    25
Throw: Throwing net      |       |     1 |       |       ||     1
       Stone             |       |       |       |     1 ||     1
 Cast: Sandblast         |    36 |    48 |    36 |     3 ||   123
       Stone Arrow       |     7 |    23 |   100 |    29 ||   159
Evoke: Wand              |       |       |     2 |       ||     2
  Use: Potion            |       |     1 |     1 |       ||     2
       Scroll            |       |       |    10 |     1 ||    11
 Stab: Held in net/web   |       |     1 |       |       ||     1
Armor: Robe              |     9 |    16 |    23 |     3 ||    51
Dodge: Dodged            |    42 |    72 |    94 |    10 ||   218

Table legend: (Time is in decaauts)
 A = Elapsed time spent in this place.
 B = Non-inter-level travel time spent in this place.
 C = Inter-level travel time spent in this place.
 D = Time resting spent in this place.
 E = Time spent auto-exploring this place.
 F = Levels seen in this place.
 G = Mean time per level.
                   A        B        C        D        E       F      G
               +--------+--------+--------+--------+--------+-----+--------+
         Total |  10659 |  10387 |    272 |    443 |   8524 |   9 | 1184.3 |
       Dungeon |  10643 |  10379 |    264 |    443 |   8524 |   8 | 1330.4 |
        Temple |     16 |      8 |      8 |      0 |      0 |   1 |   16.0 |
               +--------+--------+--------+--------+--------+-----+--------+

Top non-repeatable levels by time:
     D:1: 2081 daAuts
     D:4: 1544 daAuts
     D:7: 1426 daAuts
     D:5: 1327 daAuts
     D:6: 1313 daAuts
     D:2: 1214 daAuts
     D:3: 1156 daAuts
     D:8: 578 daAuts
  Temple: 16 daAuts
